 Dungeon Crawl Stone Soup version 0.19.0-2-gae57169 (webtiles) character file.

43770 scalarboson the Peltast (level 14, -8/92 HPs)
             Began as a Gargoyle Fighter on Nov 7, 2016.
             Was the Champion of Okawaru.
             Killed from afar by Roxanne (28 damage)
             ... with a bolt of magma
             ... on level 14 of the Dungeon.
             The game lasted 00:42:17 (15095 turns).

scalarboson the Peltast (Gargoyle Fighter)         Turns: 15095, Time: 00:42:17

Health: -8/92      AC: 22    Str: 27    XL:     14   Next: 25%
Magic:  0/23       EV: 12    Int: 15    God:    Okawaru [******]
Gold:   1232       SH:  0    Dex:  9    Spells: 1 memorised, 14 levels left

rFire  . . .     SeeInvis .     x - +7 whip "Fouceac" {speed, +Rage rN+}
rCold  + + .     Gourm    .     I - +4 moon troll leather armour {Spirit, Regen++ MP+5}
rNeg   + + .     Faith    .     c - +1 shield
rPois  ∞         Spirit   +     T - +0 hat "Rycatzih" {-Tele Str+4 Int+4}
rElec  +         Reflect  .     (no cloak)
rCorr  .         Harm     .     D - +0 pair of gloves
MR     +....     Clarity  +     J - +2 pair of boots {run}
Stlth  +......... NoTele   +    (no amulet)
                                o - ring of protection from cold
                                e - ring of protection from cold

@: confused, flying, quick
A: big wings, camouflage 1, clarity, deformed body, negative energy resistance
1, regeneration 1, electricity resistance, unbreathing, petrification
resistance, rot immunity, AC +9
a: Stop Flying, Heroism, Finesse, Renounce Religion, Evoke Berserk Rage


You were on level 14 of the Dungeon.
You worshipped Okawaru.
Okawaru was exalted by your worship.
You were near starving.

You visited 2 branches of the dungeon, and saw 15 of its levels.
You also visited: Ossuary and Ice Cave.

You collected 1232 gold pieces.

Inventory:

Hand Weapons
 x - the +7 whip "Fouceac" (weapon) {speed, +Rage rN+}
   (You found it on level 4 of the Dungeon)

   Attacks with this weapon are significantly faster.
   It protects you from negative energy.
   It lets you go berserk.
 M - the +8 falchion of Fear {freeze, rElec rF- rN+}
   (You took it off a centaur on level 11 of the Dungeon)

   It has been specially enchanted to freeze those struck by it, causing extra
   injury to most foes and up to half again as much damage against particularly
   susceptible opponents.
   It can also slow down cold-blooded creatures.
   It makes you vulnerable to fire.
   It insulates you from electricity.
   It protects you from negative energy.
Missiles
 l - 11 javelins of penetration (quivered)
Armour
 c - a +1 shield (worn)
 D - a +0 pair of gloves (worn)
 I - the +4 moon troll leather armour (worn) {Spirit, Regen++ MP+5}
   (You found it on level 10 of the Dungeon)

   It affects your magic capacity (+5).
   It increases your rate of regeneration.
 J - a +2 pair of boots of running (worn)
 T - the +0 hat "Rycatzih" (worn) {-Tele Str+4 Int+4}
   (Okawaru gifted it to you in an ice cave)

   It affects your strength (+4).
   It affects your intelligence (+4).
   It prevents most forms of teleportation.
Rods
 Q - a +1 lightning rod (10/10)
   (You found it on level 13 of the Dungeon)
Jewellery
 b - the ring "Lioreisi" {Wiz Int+3}
   (You found it on level 13 of the Dungeon)

   [ring of wizardry]

   It improves your spell success rate.
   It affects your intelligence (+3).
 e - a ring of protection from cold (left hand)
 o - a ring of protection from cold (right hand)
 v - an uncursed ring of see invisible
 E - an uncursed ring of positive energy
 F - a +3 ring of evasion
 U - an uncursed ring of ice {unknown}
 V - a +2 ring of dexterity {unknown}
Wands
 i - a wand of hasting (3/9)
 y - a wand of acid (8/15)
 B - a wand of random effects (27/48)
 H - a wand of polymorph (11/24)
 L - a wand of random effects (29/48)
 P - a wand of slowing (34/48)
 S - a wand of flame (31/48)
 W - a wand of iceblast (4/15)
 X - a wand of lightning (7/15)
Scrolls
 a - 5 scrolls of amnesia
 h - 6 scrolls of identify
 j - 6 scrolls of remove curse
 n - 2 scrolls of magic mapping
 p - 3 scrolls of teleportation
 s - 2 scrolls of blinking
 u - 3 scrolls of enchant armour
 N - a scroll of recharging
Potions
 d - a potion of haste
 q - a potion of cancellation
 t - 4 potions of brilliance
 z - 7 potions of curing
 A - 3 potions of flight
Books
 r - a book of Enchantments

   Spells                             Type                      Level
   a - Cause Fear                     Hexes                        4
   b - Yara's Violent Unravelling     Hexes/Transmutation          5
   c - Silence                        Hexes/Air                    5
   d - Deflect Missiles               Charms/Air                   6
   e - Discord                        Hexes                        8
 G - a book of Changes

   Spells                             Type                      Level
   a - Beastly Appendage              Transmutation                1
   b - Sticks to Snakes               Transmutation                2
   c - Spider Form                    Transmutation/Poison         3
   d - Ice Form                       Ice/Transmutation            4
   e - Blade Hands                    Transmutation                5
 K - a book of Minor Magic

   Spells                             Type                      Level
   a - Magic Dart                     Conjuration                  1
   b - Blink                          Translocation                2
   c - Call Imp                       Summoning                    2
   d - Repel Missiles                 Charms/Air                   2
   e - Slow                           Hexes                        2
   f - Conjure Flame                  Conjuration/Fire             3
   g - Mephitic Cloud                 Conjuration/Poison/Air       3
 O - a book of Misfortune

   Spells                             Type                      Level
   a - Confusing Touch                Hexes                        1
   b - Confuse                        Hexes                        3
   c - Gell's Gravitas                Hexes/Translocation          3
   d - Petrify                        Transmutation/Earth          4
   e - Metabolic Englaciation         Hexes/Ice                    5
   f - Yara's Violent Unravelling     Hexes/Transmutation          5
Comestibles
 f - 10 bread rations
 g - 8 beef jerkies
 k - 9 meat rations
 m - 10 slices of pizza
 C - 11 fruits


   Skills:
 + Level 12.5 Fighting
 - Level 12.6 Maces & Flails
 - Level 1.2 Throwing
 + Level 9.1 Armour
 - Level 2.6 Dodging
 + Level 15.3 Shields
 + Level 1.6 Spellcasting
 + Level 5.7 Invocations


You had 14 spell levels left.
You knew the following spells:

 Your Spells              Type           Power        Failure   Level  Hunger
a - Blink                 Tloc           N/A          45%         2    ###....


Dungeon Overview and Level Annotations

Branches:
Dungeon (14/15)            Temple (1/1) D:4            Lair (0/6) D:10
    Orc (0/2) D:12         Vaults (0/5) D:13

Altars:
Ashenzari
Cheibriados
Dithmenos
Elyvilon
Fedhas
Gozag
Hepliaklqana
Kikubaaqudgha
Makhleb
Nemelex Xobeh
Okawaru
Qazlal
Ru
Sif Muna
Trog
Uskayaw
Vehumet
Xom
Yredelemnul
Zin
The Shining One

Annotations:
D:7 exclusion: ice statue
D:14 exclusion: Roxanne, Roxanne


Innate Abilities, Weirdness & Mutations

You are resistant to torment.
Your stone body is resilient. (AC +9)
You are immune to poison.
Your large and strong wings let you fly indefinitely.
You resist negative energy. (rN+)
You are resistant to electric shocks. (rElec)
You can survive without breathing.
You are immune to petrification.
You are immune to rotting.
Your skin changes colour to match your surroundings (Stealth+).
You possess an exceptional clarity of mind.
Armour fits poorly on your strangely shaped body.
Your natural rate of healing is unusually fast.


Message History

You are too injured to fight recklessly!
You are too injured to fight recklessly!
You are too injured to fight recklessly!
You are too injured to fight recklessly!
You are too injured to fight recklessly!
You are too injured to fight recklessly!
You are too injured to fight recklessly!
You are too injured to fight recklessly!
Okay, then.
Okay, then.
You are confused.
You feel invigorated.
You feel like a meek peon again.
Roxanne mumbles some strange words.
The iron shot misses you.
You hit Roxanne but do no damage.
Roxanne is severely damaged.
Roxanne casts a spell.
The bolt of magma hits you!
You die...

............. ...............##
............. ................#
.................................
................#..........((....
.......###.....# #......^........
......#####...# #......(.......
.....†#####..#######...)...>.....
......#####...##.................
.......###......@................
................8................
.................................
................................#
...?(..........................##
.......................#........#
......................###........
.....................## ##.......
....................## ##......


You could see Roxanne.

Vanquished Creatures
  A frost giant (IceCv)
  Azrael (D:12)
  Snorg (D:10)
  Erolcha (D:12)
  3 hydras
  The ghost of estick the Thaumaturge, a journeyman DEEE of Sif Muna (IceCv)
  4 centaur warriors
  The ghost of JeffiDaFish the Basher, a journeyman GrFi of Makhleb (D:10)
  Urug (D:14)
  A wizard (D:13)
  2 unseen horrors
  7 hill giants
  A deep elf mage (D:12)
  Pikel (D:9)
  A necromancer (D:13)
  A manticore (D:11)
  2 cyclopes
  5 ugly things
  Joseph (D:8)
  2 gargoyles
  Psyche (D:8)
  A spiny frog (shapeshifter) (D:14)
  7 centaur skeletons
  A smoke demon (D:13)
  2 rime drakes (IceCv)
  3 ice devils (D:13)
  4 trolls
  10 polar bears (IceCv)
  Grinder (D:5)
  A hornet (D:12)
  2 two-headed ogres
  Prince Ribbit (D:6)
  2 hippogriffs
  The ghost of apoch the Cudgeler, an amateur GrBe of Trog (D:4)
  A wraith (D:12)
  4 hogs (D:8)
  2 wyverns
  26 yaks
  A human (D:8)
  2 fire elementals (D:12)
  4 vampire mosquitoes (D:14)
  Menkaure (D:6)
  A hungry ghost (D:14)
  Edmund (D:4)
  A soldier ant (D:11)
  4 hell hounds (D:12)
  6 orc warriors
  2 ice beasts
  A slave (D:9)
  3 black bears
  5 phantoms
  2 hornet zombies
  11 wolves (IceCv)
  The ghost of Shadowablaze the Shooter, an amateur CeHu (D:3)
  6 ogres
  A necrophage (D:9)
  10 centaurs
  A crocodile (D:9)
  9 bullfrogs
  2 big kobolds
  2 wyvern skeletons
  A water moccasin skeleton (D:8)
  6 scorpions
  12 killer bees
  5 wights (D:12)
  2 howler monkeys
  9 crimson imps
  4 centaur zombies
  2 quasits (D:9)
  11 hounds
  5 bullfrog skeletons
  2 bullfrog zombies
  5 orc priests
  12 orc wizards
  6 jellies
  A wyvern simulacrum (D:13)
  4 iguanas
  11 worker ants
  A hound skeleton (D:4)
  5 hound zombies
  3 mummies (Ossuary)
  A howler monkey zombie (D:5)
  A worker ant zombie (D:5)
  Robin (D:2)
  16 adders
  3 shadow imps
  4 white imps (D:13)
  2 adder zombies
  An adder skeleton (D:4)
  A worm (D:3)
  5 dart slugs
  5 leopard geckos
  47 orcs
  5 giant cockroaches
  6 gnoll zombies (Ossuary)
  12 goblins
  18 hobgoblins
  3 jackals (D:2)
  17 kobolds
  5 quokkas
  A ball python (D:1)
  8 bats
  6 frilled lizards
  4 gnoll skeletons (Ossuary)
  A goblin zombie (Ossuary)
  2 hobgoblin skeletons (Ossuary)
  A hobgoblin zombie (Ossuary)
  2 kobold skeletons (Ossuary)
  3 kobold zombies (Ossuary)
  A leopard gecko zombie (D:7)
  An orc skeleton (Ossuary)
  2 orc zombies (Ossuary)
  A quokka zombie (D:5)
  11 rats
  4 rat skeletons (Ossuary)
  3 rat zombies (Ossuary)
496 creatures vanquished.

Vanquished Creatures (others)
  A polar bear (IceCv)
  A wolf (IceCv)
  A mummy (Ossuary)
  An adder (D:8)
  An orc (D:8)
  A gnoll zombie (Ossuary)
  A gnoll skeleton (Ossuary)
  2 hobgoblin skeletons (Ossuary)
  A hobgoblin zombie (Ossuary)
  4 kobold skeletons (Ossuary)
  2 kobold zombies (Ossuary)
  3 orc skeletons (Ossuary)
  2 orc zombies (Ossuary)
  2 rat skeletons (Ossuary)
  3 rat zombies (Ossuary)
26 creatures vanquished.

Grand Total: 522 creatures vanquished

Notes
Turn   | Place    | Note
-------+----------+-------------------------------------------
     0 | D:1      | scalarboson the Gargoyle Fighter began the quest for the Orb.
     0 | D:1      | Reached XP level 1. HP: 14/14 MP: 1/1
   107 | D:1      | Reached XP level 2. HP: 18/19 MP: 2/2
   329 | D:1      | Reached XP level 3. HP: 22/23 MP: 3/3
   986 | D:2      | Found an opulent altar of Gozag.
  1048 | D:2      | Reached XP level 4. HP: 28/28 MP: 4/4
  1383 | D:2      | Reached skill level 4 in Shields
  1531 | D:2      | Noticed Robin
  1564 | D:2      | Killed Robin
  1849 | D:3      | Reached XP level 5. HP: 25/33 MP: 5/5
  2044 | D:3      | Noticed Shadowablaze's ghost (amateur CeHu)
  2073 | D:3      | Killed Shadowablaze's ghost
  2389 | D:3      | Reached XP level 6. HP: 38/38 MP: 6/6
  2958 | D:4      | Noticed a phantom
  3005 | D:4      | Killed a phantom
  3005 | D:4      | Reached skill level 1 in Dodging
  3129 | D:4      | Noticed apoch's ghost (amateur GrBe)
  3154 | D:4      | Killed apoch's ghost
  3154 | D:4      | Reached skill level 5 in Shields
  3154 | D:4      | Reached XP level 7. HP: 15/43 MP: 7/7
  3360 | D:4      | Found a hide-covered altar of Uskayaw.
  3525 | D:4      | Noticed Edmund
  3531 | D:4      | Reached skill level 5 in Armour
  3556 | D:4      | Killed Edmund
  3556 | D:4      | Reached skill level 5 in Maces & Flails
  3746 | D:4      | Found a hazy altar of Hepliaklqana.
  3852 | D:4      | Got a steaming whip
  3853 | D:4      | Identified the +7 whip "Fouceac" {speed, +Rage rN+} (You found it on level 4 of the Dungeon)
  3895 | D:4      | Found a sacrificial altar of Ru.
  4087 | D:4      | Found a sparkling altar of Nemelex Xobeh.
  4145 | D:4      | Found a staircase to the Ecumenical Temple.
  4154 | Temple   | Entered the Ecumenical Temple
  4468 | D:5      | Entered Level 5 of the Dungeon
  4468 | D:5      | Noticed Grinder
  4478 | D:5      | Killed Grinder
  4478 | D:5      | Reached XP level 8. HP: 41/48 MP: 8/8
  4518 | D:5      | Reached skill level 6 in Shields
  5336 | D:5      | Reached skill level 5 in Fighting
  5336 | D:5      | Reached XP level 9. HP: 37/54 MP: 9/9
  5497 | D:6      | Noticed Prince Ribbit
  5505 | D:6      | Killed Prince Ribbit
  5525 | D:6      | Found a deep blue altar of Sif Muna.
  5757 | D:6      | Reached skill level 7 in Shields
  6033 | D:6      | Found an ancient bone altar of Kikubaaqudgha.
  6037 | D:6      | Found a radiant altar of Vehumet.
  6038 | D:6      | Found an iron altar of Okawaru.
  6050 | D:6      | Became a worshipper of Warmaster Okawaru
  6089 | D:6      | Found a shimmering altar of Xom.
  6218 | D:6      | Noticed Menkaure
  6232 | D:6      | Killed Menkaure
  6367 | D:6      | Found a sparkling altar of Nemelex Xobeh.
  6685 | D:7      | Reached * piety under Okawaru
  6820 | D:7      | Reached skill level 8 in Shields
  6915 | D:7      | Reached XP level 10. HP: 44/60 MP: 10/10
  6990 | D:7      | Found a sand-covered staircase.
  6999 | Ossuary  | Entered an ossuary
  7516 | D:7      | Noticed an ice statue
  7728 | D:8      | Noticed Psyche
  7741 | D:8      | Killed Psyche
  7741 | D:8      | Reached ** piety under Okawaru
  7824 | D:8      | Found a stormy altar of Qazlal.
  7867 | D:8      | Noticed Joseph
  7886 | D:8      | Killed Joseph
  8056 | D:8      | Reached skill level 10 in Maces & Flails
  8287 | D:8      | Found a stormy altar of Qazlal.
  8409 | D:8      | Gained mutation: You possess an exceptional clarity of mind. [potion of mutation]
  8409 | D:8      | Gained mutation: Armour fits poorly on your strangely shaped body. [potion of mutation]
  8696 | D:8      | Reached skill level 1 in Invocations
  8712 | D:8      | Reached *** piety under Okawaru
  8840 | D:9      | Reached skill level 9 in Shields
  9326 | D:9      | Reached XP level 11. HP: 67/67 MP: 11/11
  9624 | D:9      | Noticed Pikel
  9639 | D:9      | Killed Pikel
  9639 | D:9      | Reached skill level 10 in Shields
  9896 | D:10     | Entered Level 10 of the Dungeon
  9896 | D:10     | Found a staircase to the Lair.
  9910 | D:10     | Reached **** piety under Okawaru
  9998 | D:10     | Noticed a hill giant
 10026 | D:10     | Killed a hill giant
 10029 | D:10     | Noticed JeffiDaFish's ghost (journeyman GrFi)
 10096 | D:10     | Killed JeffiDaFish's ghost
 10096 | D:10     | Received a gift from Okawaru
 10168 | D:10     | Noticed a cyclops
 10186 | D:10     | Reached ***** piety under Okawaru
 10198 | D:10     | Killed a cyclops
 10505 | D:10     | Found a shattered altar of Ashenzari.
 10550 | D:10     | Noticed a hill giant
 10572 | D:10     | Killed a hill giant
 10670 | D:10     | Noticed a hill giant
 10686 | D:10     | Killed a hill giant
 10705 | D:10     | Killed an unseen horror
 10771 | D:10     | Reached XP level 12. HP: 75/75 MP: 13/13
 10793 | D:10     | Noticed Snorg
 10811 | D:10     | Killed Snorg
 10811 | D:10     | Received a gift from Okawaru
 10811 | D:10     | Reached skill level 1 in Throwing
 10818 | D:10     | Identified a +1 pair of boots of running (Okawaru gifted it to you on level 10 of the Dungeon)
 10856 | D:10     | Learned a level 2 spell: Blink
 11012 | D:10     | Reached skill level 11 in Shields
 11377 | D:11     | Noticed a four-headed hydra
 11386 | D:11     | Killed a four-headed hydra
 11400 | D:11     | Reached skill level 1 in Spellcasting
 11584 | D:11     | Got a bloodstained falchion {freeze}
 11585 | D:11     | Identified the +8 falchion of Fear {freeze, rElec rF- rN+} (You took it off a centaur on level 11 of the Dungeon)
 12046 | D:12     | Found a staircase to the Orcish Mines.
 12289 | D:12     | Noticed Erolcha
 12295 | D:12     | Noticed Azrael
 12309 | D:12     | Killed Erolcha
 12341 | D:12     | Killed Azrael
 12352 | D:12     | Reached skill level 10 in Fighting
 12365 | D:12     | Reached skill level 12 in Shields
 12490 | D:12     | Noticed a centaur warrior
 12508 | D:12     | Killed a centaur warrior
 12552 | D:12     | Reached skill level 5 in Invocations
 12625 | D:13     | Reached XP level 13. HP: 82/82 MP: 16/16
 12641 | D:13     | Got a sparkling tin ring
 12873 | D:13     | Received a gift from Okawaru
 12940 | D:13     | Found a frozen archway.
 12983 | IceCv    | Entered an ice cave
 13078 | IceCv    | Reached skill level 13 in Shields
 13174 | IceCv    | Received a gift from Okawaru
 13192 | IceCv    | Got a heavily runed hat {god gift}
 13203 | IceCv    | Identified the +0 hat "Rycatzih" {-Tele Str+4 Int+4} (Okawaru gifted it to you in an ice cave)
 13447 | IceCv    | Noticed estick's ghost (journeyman DEEE)
 13460 | IceCv    | Killed estick's ghost
 13511 | IceCv    | Noticed a frost giant
 13575 | IceCv    | Killed a frost giant
 13575 | IceCv    | Reached ****** piety under Okawaru
 13642 | IceCv    | Reached skill level 14 in Shields
 13675 | IceCv    | Identified the ring "Lioreisi" {Wiz Int+3} (You found it on level 13 of the Dungeon)
 14003 | D:13     | Found a gate to the Vaults.
 14178 | D:13     | Gained mutation: Your large and strong wings let you fly indefinitely. [Gargoyle growth]
 14178 | D:13     | Reached XP level 14. HP: 92/92 MP: 18/18
 14641 | D:14     | Found a shadowy altar of Dithmenos.
 14675 | D:13     | Reached skill level 15 in Shields
 14747 | D:14     | Received a gift from Okawaru
 14837 | D:14     | Gained mutation: Your natural rate of healing is unusually fast. [mutagenic meat]
 14838 | D:14     | Gained mutation: Your skin changes colour to match your surroundings (Stealth+). [mutagenic meat]
 14907 | D:14     | Noticed Urug
 14920 | D:14     | Noticed Roxanne
 14942 | D:14     | Killed Urug
 15095 | D:14     | Killed from afar by Roxanne

Skill      XL: |  1  2  3  4  5  6  7  8  9 10 11 12 13 14 |
---------------+-------------------------------------------+-----
Maces & Flails | 3 4 5 7 9 10 12 | 12.6
Shields        | 4 5 6 8 9 10 12 14 15 | 15.3
Armour         | 4 5 6 7 8 9 |  9.1
Fighting       | 4 5 6 7 8 10 12 | 12.5
Dodging        | 1 2 |  2.6
Invocations    | 1 2 5 |  5.7
Throwing       | 1 |  1.2
Spellcasting   | 1 |  1.6

Action                   |  1- 3 |  4- 6 |  7- 9 | 10-12 | 13-15 || total
-------------------------+-------+-------+-------+-------+-------++-------
Melee: Flail             |   158 |   275 |    60 |       |       ||   493
       Whip              |       |       |   401 |  1165 |   932 ||  2498
Throw: Javelin           |       |       |       |    17 |       ||    17
Invok: Heroism           |       |       |       |    31 |    18 ||    49
 Abil: Fly               |       |       |       |       |     1 ||     1
  Use: Potion            |       |     7 |     4 |     6 |     2 ||    19
       Scroll            |       |     5 |     8 |     8 |     4 ||    25
 Stab: Distracted        |       |       |       |     1 |     1 ||     2
  Eat: Chunk             |     1 |     7 |    11 |    19 |     9 ||    47
       Royal jelly       |       |       |     1 |       |       ||     1
Armor: Scale mail        |    94 |   165 |    90 |    97 |       ||   446
       Troll leather arm |       |       |       |    44 |   175 ||   219
Dodge: Dodged            |    47 |   100 |    80 |   195 |   206 ||   628
Block: Shield            |    81 |   164 |   147 |   329 |   370 ||  1091
